 Dungeon Crawl Stone Soup version 0.24.0-37-gcf1ca852f1 (webtiles) character file.

Game seed: 6653295891706085830, levelgen mode: deterministic

1570 FishyPogo the Gusty (level 8, 0/55 (57) HPs)
             Began as a White Draconian Air Elementalist on Nov 22, 2019.
             Was a Believer of Nemelex Xobeh.
             Slain by Duvessa
             ... wielding a +0 short sword
              (11 damage)
             ... on level 6 of the Dungeon.
             The game lasted 00:36:58 (5534 turns).

FishyPogo the Gusty (DrAE)                          Turns: 5534, Time: 00:37:00

HP:   0/55 (57)     AC: 12    Str: 11    XL:     8   Next: 59%
MP:   1/15          EV: 12    Int: 17    God:    Nemelex Xobeh [**....]
Gold: 229           SH:  5    Dex: 12    Spells: 9/17 levels left

rFire    . . .     SeeInvis .   b - staff of wizardry
rCold    + . .     Gourm    .   k - +0 buckler
rNeg     . . .     Faith    .   (armour unavailable)
rPois    .         Spirit   .   (helmet restricted)
rElec    .         Reflect  .   E - +1 cloak
rCorr    .         Harm     .   (no gloves)
MR       .....                  c - +0 pair of boots
Stlth    ++........             (no amulet)
HPRegen  0.18/turn              h - +3 ring of protection
MPRegen  0.14/turn              (no ring)

@: very slightly contaminated
A: breathe frost, unfitting armour, cold resistance 1, cold-blooded, AC +6
a: Breathe Frost, Draw Escape, Draw Destruction, Draw Summoning, Renounce
Religion


You were on level 6 of the Dungeon.
You worshipped Nemelex Xobeh.
Nemelex Xobeh was pleased with you.
You were very hungry.

You visited 2 branches of the dungeon, and saw 7 of its levels.

You collected 289 gold pieces.
You spent 60 gold pieces at shops.

Inventory:

Hand Weapons
 a - a +3 hand axe
 x - a cursed -1 mace
Missiles
 d - 30 poisoned darts (quivered)
 e - 96 stones
 t - 2 datura-tipped darts
 y - 9 boomerangs
Armour
 c - a +0 pair of boots (worn)
 k - a +0 buckler (worn)
 E - a +1 cloak (worn)
Magical Staves
 b - an uncursed staff of wizardry (weapon)
Jewellery
 h - a +3 ring of protection (left hand)
Wands
 s - a wand of enslavement (12)
 w - a wand of digging (1)
 G - a wand of random effects (18)
Scrolls
 f - a scroll of magic mapping {unknown}
 g - a scroll of immolation {unknown}
 l - 5 scrolls of identify
 q - 3 scrolls of enchant weapon {unknown}
 u - 2 scrolls of amnesia {unknown}
 v - 7 scrolls of remove curse
 B - 6 scrolls of teleportation
 C - a scroll of noise {unknown}
 F - a scroll of random uselessness {unknown}
Potions
 i - a potion of resistance {unknown}
 j - a potion of cancellation {unknown}
 m - 4 potions of curing
 n - a potion of haste {unknown}
 o - a potion of flight {unknown}
 p - a potion of degeneration {unknown}
 r - 3 potions of invisibility {unknown}
 z - a potion of heal wounds {unknown}
 D - a potion of agility {unknown}
 H - a potion of mutation {unknown}
 I - a potion of brilliance {unknown}
Comestibles
 A - 12 rations


   Skills:
 - Level 2.0 Dodging
 - Level 4.0 Stealth
 - Level 4.0 Shields
 * Level 5.0 Spellcasting
 + Level 4.9 Conjurations
 + Level 6.1 Air Magic
 + Level 2.1 Invocations


You had 9 spell levels left.
You knew the following spells:

 Your Spells              Type           Power        Failure   Level  Hunger
a - Shock                 Conj/Air       ###.         1%          1    None
b - Static Discharge      Conj/Air       ###.....     1%          3    ###....
c - Airstrike             Air            ####......   4%          4    ####...

Your spell library contained the following spells:

 Spells                   Type           Power        Failure   Level  Hunger
 Swiftness                Chrm/Air       ##......     2%          2    #......
 Lightning Bolt           Conj/Air       ###.......   16%         5    ######.


Dungeon Overview and Level Annotations

Branches:
Dungeon (6/15)             Temple (1/1) D:4

Altars:
Ashenzari
Cheibriados
Elyvilon
Fedhas
Gozag
Makhleb
Nemelex Xobeh
Qazlal
Ru
Trog
Uskayaw
Vehumet
Wu Jian
Xom
Yredelemnul
Zin
The Shining One

Shops:
D:6 ?

Annotations:
D:5 Sigmund
D:6 3 runed translucent doors, Duvessa; smzp's ghost, amateur DrAE


Innate Abilities, Weirdness & Mutations

You can breathe waves of freezing cold.
You can buffet flying creatures when you breathe cold.
Your icy white scales are hard. (AC +6)
You cannot fit into any form of body armour.
Your flesh is cold resistant. (rC+)
You are cold-blooded and may be slowed by cold attacks.


Message History

Casting: Shock (safe; 1% risk of failure)
Confirm with . or Enter, or press ? or * to list all spells.
Aiming: Shock (safe; 1% risk of failure)
Press: ? - help, Shift-Dir - straight line The zap hits Duvessa.
Duvessa is severely wounded.
The zap hits Duvessa but does no damage.
Duvessa is severely wounded.
Duvessa hits you with a +0 short sword.
Casting: Shock (safe; 1% risk of failure)
Confirm with . or Enter, or press ? or * to list all spells.
Aiming: Shock (safe; 1% risk of failure)
Press: ? - help, Shift-Dir - straight line The zap misses Duvessa.
The zap hits Duvessa.
Duvessa is severely wounded.
Duvessa hits you with a +0 short sword!
* * * LOW HITPOINT WARNING * * *
Duvessa hits you with a +0 short sword!
You die...
Your body disappears without a glow.

...# #..##.......
...#####...#.......
......##...#......#
...............#..#
...##........####(#
....######.### #.#
.....#####..# #.#
........##..# ###e####
............###.@....#
...............).#####
.#..............##
.###.............#
..###............#####
.......(.............#
...#.............#####
.####............# .#
##..#........#


You could see Duvessa (berserk).

Vanquished Creatures
  Edmund (D:5)
  A hell hound (D:6)
  A black bear (D:5)
  A necrophage (D:3)
  An ice beast (D:6)
  An ogre (D:5)
  3 bullfrogs (D:6)
  A scorpion (D:4)
  Dowan (D:6)
  A howler monkey (D:6)
  2 crimson imps (D:5)
  A hound (D:6)
  A quasit (D:6)
  An orc priest (D:5)
  A centaur skeleton (D:2)
  An orc wizard (D:6)
  2 bullfrog skeletons
  Natasha (thrice) (D:4)
  3 worker ants (D:4)
  A hound zombie (D:6)
  Robin (D:3)
  9 adders
  A shadow imp (D:5)
  2 oozes
  An adder zombie (D:5)
  2 adder skeletons
  3 worms
  2 dart slugs (D:2)
  3 leopard geckos
  17 orcs
  A ball python (D:3)
  6 giant cockroaches
  20 goblins
  9 hobgoblins
  9 kobolds
  3 quokkas
  9 bats
  3 frilled lizards
  A leopard gecko zombie (D:6)
  A quokka skeleton (D:5)
  A quokka zombie (D:6)
  7 rats
139 creatures vanquished.

Notes
Turn   | Place    | Note
-------+----------+-------------------------------------------
     0 | D:1      | FishyPogo the Draconian Air Elementalist began the quest
                  | for the Orb.
     0 | D:1      | Reached XP level 1. HP: 14/14 MP: 3/3
   335 | D:1      | Reached XP level 2. HP: 20/20 MP: 0/5
   910 | D:2      | Reached XP level 3. HP: 26/26 MP: 0/6
  1238 | D:2      | Reached skill level 1 in Shields
  1390 | D:2      | Reached XP level 4. HP: 33/33 MP: 4/7
  1428 | D:2      | Learned a level 3 spell: Static Discharge
  1670 | D:2      | Reached skill level 4 in Air Magic
  1806 | D:3      | Noticed Robin
  1930 | D:3      | Reached XP level 5. HP: 25/38 MP: 0/8
  2207 | D:3      | Noticed a necrophage
  2223 | D:3      | Killed a necrophage
  2283 | D:3      | Killed Robin
  2364 | D:3      | Reached XP level 6. HP: 22/43 MP: 6/9
  2635 | D:4      | Noticed Natasha
  2641 | D:4      | Killed Natasha
  2896 | D:4      | Found a staircase to the Ecumenical Temple.
  2901 | Temple   | Entered the Ecumenical Temple
  3067 | Temple   | Became a worshipper of Nemelex Xobeh the Trickster
  3147 | D:4      | Noticed Natasha
  3156 | D:4      | Killed Natasha
  3156 | D:4      | Reached skill level 5 in Air Magic
  3168 | D:4      | Received a gift from Nemelex Xobeh
  3305 | D:4      | Learned a level 4 spell: Airstrike
  3427 | D:4      | Noticed Natasha
  3439 | D:4      | Killed Natasha
  3439 | D:4      | Your scales start taking on an icy white colour.
  3439 | D:4      | Reached XP level 7. HP: 44/48 MP: 1/10
  3439 | D:4      | Gained mutation: Your flesh is cold resistant. (rC+) [White
                  | Draconian growth]
  3537 | D:5      | Entered Level 5 of the Dungeon
  3591 | D:5      | Noticed Edmund
  3623 | D:5      | Killed Edmund
  3783 | D:5      | Found a burning altar of Makhleb.
  4181 | D:5      | Received a gift from Nemelex Xobeh
  4215 | D:5      | Reached * piety under Nemelex Xobeh
  4334 | D:5      | Noticed Sigmund
  4373 | D:6      | Reached XP level 8. HP: 55/55 MP: 6/13
  4492 | D:6      | Noticed smzp's ghost (amateur DrAE)
  4502 | D:6      | Found a runed translucent gate.
  4502 | D:6      | Found a runed translucent gate.
  4502 | D:6      | Found a runed translucent gate.
  4598 | D:6      | Reached skill level 1 in Invocations
  4816 | D:6      | Reached ** piety under Nemelex Xobeh
  4832 | D:6      | Noticed Grinder
  5012 | D:6      | Noticed Dowan
  5020 | D:6      | Noticed Duvessa
  5052 | D:6      | Noticed Grinder
  5052 | D:6      | Grinder changed into Grinder the hell hound
  5058 | D:6      | Killed Grinder the hell hound
  5091 | D:6      | Found Giomas's Magic Scroll Shop.
  5100 | D:6      | Reached skill level 6 in Air Magic
  5104 | D:6      | Bought a scroll of remove curse for 36 gold pieces
  5104 | D:6      | Bought a scroll of identify for 24 gold pieces
  5517 | D:6      | Killed Dowan
  5517 | D:6      | Reached skill level 5 in Spellcasting
  5534 | D:6      | Slain by Duvessa

Levels and vault maps discovered:
D:1:      minmay_arrival_three_doors, layout_basic
D:2:      layout_rooms, minmay_crystal_water, serial_bayou_pond_e
D:3:      layout_rooms, item_on_display_a, uniq_robin
D:4:      layout_basic, temple_statues, minmay_tree_intersection, uniq_natasha
D:5:      layout_basic, kennysheep_mini, first_ration, sigmund_army, uniq_edmund
D:6:      layout_layer_cave, serial_shops, nicolae_shop_crystal,
          gammafunk_ghost_split, uniq_sigmund, uniq_grinder, uniq_duvessa
Temple:   nicolae_temple_elliptical

Skill      XL: |  1  2  3  4  5  6  7  8 |
---------------+-------------------------+-----
Stealth        | 2 3 4 |  4.0
Dodging        | 2 |  2.0
Shields        | 1 2 3 4 |  4.0
Conjurations   | 2 4 |  4.9
Air Magic      | 4 5 6 |  6.1
Spellcasting   | 3 5 |  5.0
Invocations    | 2 |  2.1

Action                   |  1- 3 |  4- 6 |  7- 9 || total
-------------------------+-------+-------+-------++-------
Melee: Dagger            |    62 |    32 |       ||    94
       Tailslap          |     7 |     7 |     7 ||    21
       Hand axe          |       |    72 |    78 ||   150
       Staff             |       |     3 |     6 ||     9
Throw: Dart              |       |     7 |     1 ||     8
 Cast: Shock             |    59 |    86 |    93 ||   238
       Static Discharge  |       |    12 |     3 ||    15
       Airstrike         |       |     1 |     6 ||     7
 Abil: Breathe Frost     |       |       |     9 ||     9
       Draw Destruction  |       |       |     3 ||     3
  Use: Scroll            |       |       |     1 ||     1
 Stab: Sleeping          |     1 |     3 |     2 ||     6
  Eat: Chunk             |     3 |     9 |     9 ||    21
Armor: Skin              |    33 |    69 |    64 ||   166
Dodge: Dodged            |    64 |   104 |    70 ||   238
Block: Buckler           |       |    10 |    31 ||    41
